 Dungeon Crawl Stone Soup version 0.26.1-2-gb8aa6d0cf2 (webtiles) character file.

Game seed: 5467281127749532665

3712 Borgon the Cleaver (level 9, -16/81 HPs)
             Began as a Deep Dwarf Fighter on Feb 17, 2021.
             Was a Follower of Makhleb.
             Demolished by a two-headed ogre
             ... wielding a +0 giant club
              (27 damage)
             ... on level 8 of the Dungeon on Feb 26, 2021.
             The game lasted 00:39:42 (5680 turns).

Borgon the Cleaver (Deep Dwarf Fighter)             Turns: 5680, Time: 00:39:42

Health: -16/81     AC: 12    Str: 22    XL:     9   Next: 91%
Magic:  4/4        EV:  8    Int: 10    God:    Makhleb [*.....]
Gold:   370        SH: 11    Dex: 12    Spells: 8/8 levels left

rFire    . . .     SeeInvis +   a - +0 war axe
rCold    . . .     Faith    .   m - +0 kite shield
rNeg     + . .     Spirit   .   M - +0 chain mail
rPois    .         Reflect  .   (no helmet)
rElec    .         Harm     .   o - +0 cloak
rCorr    .         Rampage  .   (no gloves)
Will     +....                  (no boots)
Stlth    ..........             q - amulet of magic regeneration
HPRegen  0.00/turn              t - ring of see invisible
MPRegen  0.34/turn              Q - ring of positive energy

@: non-regenerating
A: damage resistance, heal wounds, sense surroundings 2, no regeneration
a: Heal Wounds, Renounce Religion


You were on level 8 of the Dungeon.
You worshipped Makhleb.
Makhleb was aware of your devotion.
You visited 2 branches of the dungeon, and saw 9 of its levels.

You collected 370 gold pieces.

Inventory:

Hand Weapons
 a - a +0 war axe (weapon)
 f - a +4 quarterstaff of chaos
 v - a +1 dagger of draining
 z - a +1 whip of flaming
 D - a +0 whip of flaming
 E - a +0 hunting sling
 G - a +2 glaive of protection
 P - a +0 spear
 R - a +4 dagger of chaos
Missiles
 l - 67 arrows
 r - 30 sling bullets
 s - 80 bolts
 u - 166 stones
Armour
 c - a +0 kite shield
 h - a +0 cloak
 m - a +0 kite shield (worn)
 o - a +0 cloak (worn)
 A - a +0 chain mail
 B - a +0 robe of cold resistance
 H - a +1 robe of positive energy
 M - a +0 chain mail (worn)
Jewellery
 q - an amulet of magic regeneration (around neck)
 t - a ring of see invisible (left hand)
 N - an uncursed amulet of magic regeneration
 O - an uncursed ring of resist corrosion
 Q - a ring of positive energy (right hand)
Wands
 F - a wand of flame (18)
Scrolls
 e - a scroll of enchant armour {unknown}
 g - 8 scrolls of identify {unknown}
 i - 4 scrolls of immolation {unknown}
 j - 2 scrolls of enchant weapon {unknown}
 n - 2 scrolls of fog {unknown}
 w - a scroll of blinking {unknown}
 y - a scroll of magic mapping {unknown}
 C - 2 scrolls of fear {unknown}
 I - a scroll of teleportation {unknown}
 J - 2 scrolls of remove curse
Potions
 b - a potion of magic {unknown}
 d - 4 potions of might
 k - 4 potions of heal wounds {unknown}
 p - 2 potions of berserk rage {unknown}
 x - a potion of lignification {unknown}
 K - a potion of attraction {unknown}
 L - a potion of resistance {unknown}


   Skills:
 + Level 5.4 Fighting
 + Level 10.2 Axes
 + Level 7.7 Armour
 + Level 2.9 Dodging
 + Level 2.4 Stealth
 + Level 7.5 Shields


You had 8 spell levels left.
You didn't know any spells.
Your spell library contained the following spells:

 Spells                   Type           Power        Failure   Level
 Summon Small Mammal      Summ           0%           100%        1
 Call Imp                 Summ           0%           100%        2
 Call Canine Familiar     Summ           0%           100%        3
 Confusing Touch          Hex            0%           100%        3
 Gell's Gravitas          Tloc           0%           100%        3
 Summon Guardian Golem    Hex/Summ       0%           100%        3
 Petrify                  Tmut/Erth      0%           100%        4
 Summon Ice Beast         Ice/Summ       0%           100%        4
 Summon Lightning Spire   Summ/Air       0%           100%        4
 Metabolic Englaciation   Hex/Ice        0%           100%        5
 Yara's Violent Unravell  Hex/Tmut       0%           100%        5


Dungeon Overview and Level Annotations

Branches:
Dungeon (8/15)             Temple (1/1) D:7
   Lair: D:8-11

Altars:
Ashenzari
Cheibriados
Dithmenos
Elyvilon
Fedhas
Gozag
Kikubaaqudgha
Makhleb
Nemelex Xobeh
Okawaru
Qazlal
Ru
Sif Muna
Trog
Uskayaw
Vehumet
Wu Jian
Xom
Yredelemnul
Zin
The Shining One


Innate Abilities, Weirdness & Mutations

You are resistant to damage.
You can heal yourself by infusing magical energy.
You passively map the area around you.
You do not regenerate.


Message History

You block the giant cockroach's attack.
You closely miss the giant cockroach. The giant cockroach closely misses you.
You slash the giant cockroach!
You kill the giant cockroach!
Makhleb accepts your kill.
You feel better.
A hound skeleton comes into view.
The two-headed ogre hits you with a +0 giant club!
You block the two-headed ogre's attack.
You barely miss the two-headed ogre.
The two-headed ogre barely misses you. x2
You closely miss the two-headed ogre. You hit the two-headed ogre.
The two-headed ogre is lightly wounded.
The two-headed ogre hits you with a +0 giant club!!
* * * LOW HITPOINT WARNING * * *
The two-headed ogre hits you but does no damage.
You closely miss the two-headed ogre.
The two-headed ogre is lightly wounded.
The two-headed ogre hits you with a +0 giant club!!
You die...

** , .............. ,
......., ..........#... ,
... ... , ..............
, ... .. ......##.##... ,
*** #..#. ,
##...##.......
##.#.#######....#..... ,
#.......# ###........ , *
###...Z...#####...#.....
,
......O@................
*
..........###.........<.
,..............#...######
...........########
....######## ...#* ...*
*,.. , , *


You could see a two-headed ogre and a hound skeleton.

Vanquished Creatures
  Harold (D:7)
  Pikel (D:5)
  Psyche (D:8)
  The ghost of brucemayne the Chopper, an amateur HOMo (D:6)
  A necrophage (D:6)
  2 sky beasts
  2 phantoms
  5 ogres
  2 centaurs (D:5)
  Blork the orc (D:5)
  A bullfrog (D:6)
  A scorpion (D:6)
  A centaur zombie (D:7)
  2 jellies
  3 orc priests
  2 hounds
  Crazy Yiuf (D:3)
  6 orc wizards
  A bullfrog skeleton (D:5)
  9 worker ants
  A killer bee zombie (D:7)
  A hound zombie (D:7)
  11 gnolls
  10 adders
  A white imp (D:6)
  An ufetubus (D:5)
  2 adder skeletons (D:4)
  3 worms (D:2)
  A dart slug (D:1)
  2 leopard geckos
  15 orcs
  10 giant cockroaches
  4 goblins
  7 hobgoblins
  7 jackals
  9 kobolds
  4 quokkas
  3 ball pythons
  11 bats
  3 frilled lizards
  A jackal skeleton (D:6)
  4 rats
155 creatures vanquished.

Vanquished Creatures (others)
  A fungus (D:3)
1 creature vanquished.

Grand Total: 156 creatures vanquished

Notes
Turn   | Place    | Note
-------+----------+-------------------------------------------
     0 | D:1      | Borgon the Deep Dwarf Fighter began the quest for the Orb.
     0 | D:1      | Reached XP level 1. HP: 20/20 MP: 1/1
   189 | D:1      | Reached XP level 2. HP: 22/27 MP: 2/2
   749 | D:2      | Reached XP level 3. HP: 28/33 MP: 3/3
   942 | D:2      | Found a sacrificial altar of Ru.
  1013 | D:2      | Found a shimmering altar of Xom.
  1114 | D:2      | Reached skill level 3 in Axes
  1322 | D:2      | Reached XP level 4. HP: 36/42 MP: 4/4
  1670 | D:3      | Reached skill level 1 in Dodging
  1843 | D:3      | Reached skill level 4 in Axes
  1922 | D:3      | Reached XP level 5. HP: 36/49 MP: 5/5
  2069 | D:3      | Found a glowing silver altar of Zin.
  2119 | D:3      | Found a sparkling altar of Nemelex Xobeh.
  2216 | D:3      | Found a runed translucent door.
  2217 | D:3      | Noticed Crazy Yiuf
  2333 | D:3      | Reached skill level 5 in Axes
  2335 | D:3      | Reached XP level 6. HP: 27/56 MP: 6/6
  2528 | D:3      | Killed Crazy Yiuf
  2673 | D:4      | Found an ornate altar of the Wu Jian Council.
  2995 | D:5      | Entered Level 5 of the Dungeon
  2995 | D:5      | Noticed Pikel
  3017 | D:5      | Killed Pikel
  3018 | D:5      | Reached skill level 6 in Axes
  3018 | D:5      | Reached skill level 5 in Armour
  3018 | D:5      | Reached skill level 1 in Stealth
  3018 | D:5      | Reached skill level 5 in Shields
  3018 | D:5      | Reached XP level 7. HP: 56/63 MP: 7/7
  3288 | D:5      | Reached skill level 7 in Axes
  3288 | D:5      | Reached XP level 8. HP: 39/72 MP: 8/8
  3529 | D:5      | Noticed Blork the orc
  3543 | D:5      | Killed Blork the orc
  3944 | D:6      | Found a transporter.
  4158 | D:6      | Reached skill level 8 in Axes
  4200 | D:6      | Found a glowing golden altar of the Shining One.
  4228 | D:6      | Found a transporter.
  4228 | D:6      | Noticed brucemayne's ghost (amateur HOMo)
  4351 | D:6      | Killed brucemayne's ghost
  4431 | D:7      | Found a staircase to the Ecumenical Temple.
  4446 | Temple   | Entered the Ecumenical Temple
  4650 | Temple   | Became a worshipper of Makhleb the Destroyer
  4682 | D:7      | Noticed Harold
  4725 | D:7      | Killed Harold
  4726 | D:7      | Reached skill level 5 in Fighting
  4726 | D:7      | Reached skill level 9 in Axes
  4726 | D:7      | Gained mutation: You passively map the area around you.
                  | [Deep Dwarf growth]
  4726 | D:7      | Reached XP level 9. HP: 39/81 MP: 6/6
  4741 | D:7      | HP: 3/81 [ogre/+0 giant spiked club (14)]
  4885 | D:7      | Found a shadowy altar of Dithmenos.
  4959 | D:7      | Found a stormy altar of Qazlal.
  5159 | D:7      | Found a bloodstained altar of Trog.
  5331 | D:7      | Reached * piety under Makhleb
  5549 | D:8      | Reached skill level 10 in Axes
  5577 | D:8      | Noticed Psyche
  5589 | D:8      | Killed Psyche
  5672 | D:8      | Noticed a two-headed ogre
  5680 | D:8      | Demolished by a two-headed ogre

Illustrated notes

Levels and vault maps discovered:
D:1:      psy_arrival_wood_between_worlds, layout_loops_ring, serial_glass,
          glass_columns_a, glass_columns_a, glass_columns_a, glass_columns_c,
          glass_columns_a, patterned_corridor
D:2:      layout_basic, nicolae_overflow_hidden_temple,
          nicolae_ru_sacrificial_ziggurat, kennysheep_donut, minmay_pentomino_s4
D:3:      layout_loops_cross, general_overflow_altar, grunt_ministairs_5,
          nemelex_diamond_rough_becter, uniq_crazy_yiuf_cottage
D:4:      layout_rooms, nzn_wu_jian_council_hall
D:5:      layout_loops_ring, palyth_stone_intersect, uniq_blork_the_orc,
          uniq_pikel
D:6:      layout_rooms, kennysheep_mini_moat, kennysheep_mini,
          gammafunk_ghost_mausoleum
D:7:      layout_loops_cross, grunt_dithmenos_smoke_and_mirrors,
          grunt_qazlal_sundering, nicolae_overflow_crystal_walls,
          minmay_temple_entry_glassed_door, uniq_harold
D:8:      layout_rooms, centaur_isle, uniq_grum, uniq_psyche
Temple:   nicolae_temple_figure_eight

Skill      XL: |  1  2  3  4  5  6  7  8  9 |
---------------+----------------------------+-----
Fighting       | 3 5 |  5.4
Axes           | 3 4 5 6 7 9 10 | 10.2
Dodging        | 1 2 |  2.9
Armour         | 4 5 7 |  7.7
Shields        | 4 5 6 7 |  7.5
Stealth        | 1 2 |  2.4

Action                   |  1- 3 |  4- 6 |  7- 9 || total
-------------------------+-------+-------+-------++-------
Melee: War axe           |   137 |   172 |   337 ||   646
       Hand axe          |       |     3 |       ||     3
 Abil: Heal Wounds       |     1 |     3 |    14 ||    18
  Use: Scroll            |       |     2 |       ||     2
 Stab: Invisible         |       |     3 |       ||     3
Armor: Scale mail        |    65 |    46 |       ||   111
       Chain mail        |       |    36 |   139 ||   175
Dodge: Dodged            |    40 |    55 |    91 ||   186
Block: Kite shield       |    75 |    93 |   207 ||   375
